 Dungeon Sprint DCSS version 0.31-a0-75-g6fe912e8c5 (webtiles) character file.

Game seed: 9347613223024835713

6400000 sircluck the Axe Maniac (level 25, -8/257 HPs)
             Began as a Ghoul Gladiator on May 23, 2023.
             Was the Champion of Makhleb.
             Mangled by a bag of meat
             ... wielding a +9 war axe
              (19 damage)
             ... in the Dungeon (Sprint VIII: "Arena of Blood").
             The game lasted 00:03:00 (64 turns).

sircluck the Axe Maniac (Ghoul Gladiator)             Turns: 64, Time: 00:03:00

Health: -8/257     AC:  8    Str: 26    XL:     25   Next: 47%
Magic:  23/41      EV: 26    Int:  3    God:    Makhleb [******]
Gold:   0          SH:  0    Dex: 14    Spells: 54/54 levels left

rFire   . . .        k - +∞ Axe of Woe
rCold   + . .        (shield currently unavailable)
rNeg    + + +        b - +0 leather armour
rPois   ∞            c - +0 helmet
rElec   .            (no cloak)
rCorr   .            (no gloves)
SInv    .            (no boots)
Will    +....        (no amulet)
Stlth   +++++++      (no ring)
HPRegen 0.00/turn    (no ring)
MPRegen 0.27/turn

%: no teleportation
@: inhibited regen
A: claws 1, cold resistance 1, negative energy resistance 3, inhibited
regeneration, torment resistance 2, devour on kill
a: Renounce Religion, Minor Destruction, Lesser Servant of Makhleb, Major
Destruction, Greater Servant of Makhleb


You were in the Dungeon.
You worshipped Makhleb.
Makhleb was exalted by your worship.
You visited 1 branch

Inventory:

Hand Weapons
 a - a +0 war axe
 k - the +∞ Axe of Woe (weapon)
   (You found it in the Dungeon)
Missiles
 d - 3 throwing nets (quivered)
 e - a javelin
Armour
 b - a +0 leather armour (worn)
 c - a +0 helmet (worn)
Scrolls
 j - a scroll of blinking
Potions
 f - a potion of curing
 g - a potion of heal wounds
 h - a potion of haste
 i - 2 potions of magic


   Skills:
 O Level 27 Fighting
 + Level 16.5(19.3) Short Blades
 + Level 16.5(19.3) Long Blades
 O Level 27 Axes
 + Level 16.5(25.3) Maces & Flails
 + Level 16.5(25.3) Polearms
 + Level 16.5(21.6) Staves
 + Level 16.5 Ranged Weapons
 O Level 27 Throwing
 O Level 27 Armour
 O Level 27 Dodging
 + Level 20.9 Stealth
 + Level 16.5 Shields
 + Level 19.4 Unarmed Combat
 + Level 15.2 Spellcasting
 + Level 15.2 Conjurations
 + Level 16.9 Hexes
 + Level 16.5 Summonings
 + Level 17.9 Necromancy
 + Level 16.5 Translocations
 + Level 16.5 Transmutations
 + Level 16.9 Fire Magic
 + Level 21.4 Ice Magic
 + Level 16.9 Air Magic
 + Level 21.4 Earth Magic
 + Level 19.8 Poison Magic
 + Level 21.4 Invocations
 + Level 18.3 Evocations


You had 54 spell levels left.
You didn't know any spells.
Your spell library was empty.

Dungeon Overview and Level Annotations

Branches:
Dungeon (1/1)

Altars:
Makhleb

Annotations:
D The Captor


Innate Abilities, Weirdness & Mutations

You are immune to poison.
You have sharp fingernails.
Your flesh is cold resistant. (rC+)
You are immune to negative energy. (rN+++)
You do not regenerate when monsters are visible.
You are immune to unholy pain and torment.
You thrive by killing the living.


Message History

Your Invocations skill increases to level 21!
Your Evocations skill increases to level 18!
Unknown command.
Unknown command.
Unknown command.
Unknown command.
You are engulfed in blazing flames.
You hear a shout! x10
The tyrant is engulfed in blazing flames.
The tyrant mumbles some strange words.
The tyrant seems to speed up.
The meat berserker rages.
A tyrant comes into view.
You are engulfed in blazing flames.
You hear a shout! x3
The tyrant is engulfed in blazing flames.
The tyrant waves its bony arms in wide circles.
The air twists around and strikes you!!!
A bag of meat comes into view. It is wielding a +9 war axe.
The bag of meat completely misses you.
You hear a shout! x2
The Captor points at you and mumbles some strange words.
The stream of webbing hits you but does no damage.
You are caught in a web!
An accursed comes into view.
The tyrant waves its bony arms in wide circles.
The air twists around and strikes you!!
You hear a shout!
There is a web, spattered with blood here.
Items here: )) ==.
The web tears apart.
You hear a shout! x2
The tyrant is engulfed in blazing flames.
The tyrant barely misses you.
The meat berserker hits you with a +9 battleaxe!!!!
* * * LOW HITPOINT WARNING * * *
You hear a shout! x5
The bag of meat hits you but does no damage.
The bag of meat hits you with a +9 war axe!!
You die...

.. ..... #..
...# #.. ...# .
.###.. ...###..
......###......
.....§§§....
#.)°§.# #_§§o_#
#@°§@L#
......._Oo......
......###.......
.###.. ...###.M
#.. ...# L #.
...# .. ..o.. ..
....


You could see an accursed, 2 tyrants, a meat berserker (berserk), The Captor and
3 bags of meat.

Vanquished Creatures
  A wraith (D)
  6 vampire knights (D)
  19 ogres (D)
  6 two-headed ogres (D)
  A lich (D)
  2 hydras (D)
  30 orcs (D)
  A skeletal warrior (D)
66 creatures vanquished.

Notes
Turn   | Place    | Note
-------+----------+-------------------------------------------
     0 | D        | Found the +∞ Axe of Woe
     0 | D        | sircluck the Ghoul Gladiator began the quest for the Orb.
     0 | D        | Reached XP level 1. HP: 17/17 MP: 0/0
     2 | D        | Noticed a bag of meat
     2 | D        | Noticed a bag of meat
     4 | D        | Became a worshipper of Makhleb the Destroyer
     4 | D        | Noticed a bag of meat
     5 | D        | Noticed a bag of meat
     5 | D        | Noticed a bag of meat
     6 | D        | Noticed a bag of meat
     6 | D        | Noticed a bag of meat
     8 | D        | Noticed a meat berserker
     8 | D        | Noticed a bag of meat
     9 | D        | Killed a bag of meat
     9 | D        | Killed a bag of meat
     9 | D        | Reached * piety under Makhleb
     9 | D        | Noticed a bag of meat
    10 | D        | Reached XP level 2. HP: 40/40 MP: 1/1
    10 | D        | Reached XP level 3. HP: 47/47 MP: 2/2
    10 | D        | Reached XP level 4. HP: 55/55 MP: 3/3
    10 | D        | Reached XP level 5. HP: 61/61 MP: 4/4
    10 | D        | Reached XP level 6. HP: 68/68 MP: 5/5
    10 | D        | Reached XP level 7. HP: 74/74 MP: 6/6
    10 | D        | Reached XP level 8. HP: 82/82 MP: 7/7
    10 | D        | Reached XP level 9. HP: 89/89 MP: 8/8
    10 | D        | Reached XP level 10. HP: 96/96 MP: 9/9
    10 | D        | Reached XP level 11. HP: 102/102 MP: 10/10
    10 | D        | Reached XP level 12. HP: 110/110 MP: 11/11
    10 | D        | Noticed a bag of meat
    10 | D        | Killed a bag of meat
    10 | D        | Noticed a meat berserker
    10 | D        | Noticed a meat berserker
    11 | D        | Reached skill level 10 in Throwing
    11 | D        | Killed a bag of meat
    11 | D        | Noticed a bag of meat
    12 | D        | Reached XP level 13. HP: 122/122 MP: 12/12
    12 | D        | Killed a bag of meat
    12 | D        | Reached ** piety under Makhleb
    12 | D        | Noticed a bag of meat
    13 | D        | Killed a meat berserker
    13 | D        | Killed a bag of meat
    14 | D        | Reached XP level 14. HP: 137/137 MP: 13/13
    14 | D        | Killed a bag of meat
    14 | D        | Reached *** piety under Makhleb
    15 | D        | Reached XP level 15. HP: 145/145 MP: 14/14
    15 | D        | Killed a meat berserker
    16 | D        | Killed a meat berserker
    16 | D        | Reached **** piety under Makhleb
    17 | D        | Reached skill level 27 in Axes
    17 | D        | Reached skill level 15 in Throwing
    17 | D        | Reached XP level 16. HP: 162/162 MP: 15/15
    21 | D        | Reached skill level 27 in Dodging
    21 | D        | Reached ***** piety under Makhleb
    22 | D        | Noticed a meat berserker
    24 | D        | Reached XP level 17. HP: 188/188 MP: 16/16
    24 | D        | Noticed a meat berserker
    25 | D        | Noticed a meat berserker
    26 | D        | Noticed a large bag of meat
    27 | D        | Noticed a large bag of meat
    27 | D        | Noticed a meat berserker
    27 | D        | Noticed a meat berserker
    28 | D        | Killed a meat berserker
    28 | D        | Noticed a destroyer
    29 | D        | Reached skill level 27 in Fighting
    29 | D        | Noticed a meat berserker
    29 | D        | Noticed a meat berserker
    30 | D        | Killed a meat berserker
    30 | D        | Killed a meat berserker
    30 | D        | Killed a large bag of meat
    30 | D        | Noticed a meat berserker
    30 | D        | Noticed a large bag of meat
    31 | D        | Reached skill level 27 in Throwing
    31 | D        | Reached skill level 15 in Armour
    31 | D        | Reached XP level 18. HP: 152/200 MP: 17/17
    31 | D        | Killed a meat berserker
    31 | D        | Noticed a destroyer
    32 | D        | Killed a meat berserker
    32 | D        | Reached ****** piety under Makhleb
    32 | D        | Noticed a destroyer
    32 | D        | Noticed a destroyer
    33 | D        | Killed a meat berserker
    34 | D        | Reached XP level 19. HP: 198/207 MP: 18/18
    34 | D        | Killed a destroyer
    34 | D        | Noticed a large bag of meat
    35 | D        | Reached skill level 27 in Armour
    36 | D        | Reached skill level 5 in Stealth
    36 | D        | Reached skill level 5 in Ice Magic
    36 | D        | Reached skill level 5 in Earth Magic
    36 | D        | Reached skill level 5 in Invocations
    36 | D        | Killed a destroyer
    37 | D        | Reached skill level 5 in Short Blades
    37 | D        | Reached skill level 5 in Long Blades
    37 | D        | Reached skill level 5 in Maces & Flails
    37 | D        | Reached skill level 5 in Polearms
    37 | D        | Reached skill level 5 in Staves
    37 | D        | Reached skill level 5 in Ranged Weapons
    37 | D        | Reached skill level 5 in Shields
    37 | D        | Reached skill level 5 in Hexes
    37 | D        | Reached skill level 5 in Summonings
    37 | D        | Reached skill level 5 in Necromancy
    37 | D        | Reached skill level 5 in Translocations
    37 | D        | Reached skill level 5 in Transmutations
    37 | D        | Reached skill level 5 in Fire Magic
    37 | D        | Reached skill level 5 in Air Magic
    37 | D        | Reached skill level 5 in Evocations
    37 | D        | Killed a meat berserker
    37 | D        | Killed a large bag of meat
    37 | D        | Noticed a meat berserker
    37 | D        | Noticed a meat berserker
    37 | D        | Noticed a meat berserker
    37 | D        | Noticed an eight-headed meat hydra
    38 | D        | Reached skill level 5 in Spellcasting
    38 | D        | Reached skill level 5 in Conjurations
    38 | D        | Reached XP level 20. HP: 194/216 MP: 18/27
    38 | D        | Noticed an eight-headed meat hydra
    39 | D        | Killed a meat berserker
    39 | D        | Noticed a destroyer
    39 | D        | Noticed a meat berserker
    40 | D        | Killed a large bag of meat
    41 | D        | Reached skill level 10 in Stealth
    41 | D        | Reached skill level 10 in Ice Magic
    41 | D        | Reached skill level 10 in Earth Magic
    41 | D        | Reached skill level 10 in Invocations
    41 | D        | Killed a meat berserker
    41 | D        | Killed a nine-headed meat hydra
    42 | D        | Reached skill level 10 in Unarmed Combat
    42 | D        | Reached skill level 10 in Evocations
    42 | D        | Reached XP level 21. HP: 215/224 MP: 18/32
    42 | D        | Killed a nine-headed meat hydra
    43 | D        | Reached skill level 10 in Necromancy
    43 | D        | Noticed a large bag of meat
    43 | D        | Killed a meat berserker
    43 | D        | Killed a large bag of meat
    43 | D        | Noticed a meat berserker
    43 | D        | Noticed a meat berserker
    43 | D        | Noticed a large bag of meat
    44 | D        | Reached skill level 10 in Short Blades
    44 | D        | Reached skill level 10 in Long Blades
    44 | D        | Reached skill level 10 in Maces & Flails
    44 | D        | Reached skill level 10 in Polearms
    44 | D        | Reached skill level 10 in Staves
    44 | D        | Reached skill level 10 in Ranged Weapons
    44 | D        | Reached skill level 10 in Shields
    44 | D        | Reached skill level 10 in Hexes
    44 | D        | Reached skill level 10 in Summonings
    44 | D        | Reached skill level 10 in Translocations
    44 | D        | Reached skill level 10 in Transmutations
    44 | D        | Reached skill level 10 in Fire Magic
    44 | D        | Reached skill level 10 in Air Magic
    44 | D        | Killed a meat berserker
    45 | D        | Reached XP level 22. HP: 154/233 MP: 19/34
    45 | D        | Killed a destroyer
    46 | D        | Reached skill level 10 in Spellcasting
    46 | D        | Reached skill level 10 in Conjurations
    46 | D        | Reached skill level 15 in Ice Magic
    46 | D        | Reached skill level 15 in Earth Magic
    46 | D        | Reached skill level 15 in Invocations
    47 | D        | Reached skill level 15 in Stealth
    47 | D        | Killed a destroyer
    48 | D        | Reached skill level 15 in Unarmed Combat
    48 | D        | Reached skill level 15 in Poison Magic
    48 | D        | Reached XP level 23. HP: 224/240 MP: 19/37
    49 | D        | Noticed a tyrant
    49 | D        | Killed a large bag of meat
    49 | D        | Noticed a destroyer
    50 | D        | Reached skill level 15 in Evocations
    51 | D        | Killed a destroyer
    52 | D        | Reached skill level 15 in Necromancy
    53 | D        | Reached XP level 24. HP: 237/249 MP: 20/39
    54 | D        | Reached skill level 15 in Hexes
    54 | D        | Reached skill level 15 in Fire Magic
    54 | D        | Reached skill level 15 in Air Magic
    55 | D        | Killed a destroyer
    56 | D        | Reached skill level 15 in Short Blades
    56 | D        | Reached skill level 15 in Long Blades
    56 | D        | Reached skill level 15 in Maces & Flails
    56 | D        | Reached skill level 15 in Polearms
    56 | D        | Reached skill level 15 in Staves
    56 | D        | Reached skill level 15 in Ranged Weapons
    56 | D        | Reached skill level 15 in Shields
    56 | D        | Reached skill level 15 in Summonings
    56 | D        | Reached skill level 15 in Translocations
    56 | D        | Reached skill level 15 in Transmutations
    56 | D        | Noticed a tyrant
    57 | D        | Killed a large bag of meat
    59 | D        | Noticed a dread
    59 | D        | Noticed The Captor
    59 | D        | Killed a tyrant
    60 | D        | Reached XP level 25. HP: 240/257 MP: 22/40
    61 | D        | Killed a dread
    62 | D        | Reached skill level 15 in Spellcasting
    62 | D        | Reached skill level 15 in Conjurations
    63 | D        | Noticed a tyrant
    63 | D        | Noticed an accursed
    64 | D        | HP: 11/257 [meat berserker/+9 battleaxe (86)]
    64 | D        | Mangled by a bag of meat

Illustrated notes

Levels and vault maps discovered:
D:        meatsprint

Skill      XL: |  1  2  3  4  5  6  7  8  9 10 11 12 13 14 15 16 17 18 19 20 21 22 23 24 25 |
---------------+----------------------------------------------------------------------------+-----
Fighting       | 11 13 16 20 26 27 | 27.0
Axes           | 18 20 24 27 | 27.0
Throwing       | 9 11 12 13 15 18 27 | 27.0
Dodging        | 16 19 22 25 27 | 27.0
Armour         | 15 26 27 | 27.0
Short Blades   | 6 9 10 12 14 16 | 16.5
Long Blades    | 6 9 10 12 14 16 | 16.5
Maces & Flails | 6 9 10 12 14 16 | 16.5
Polearms       | 6 9 10 12 14 16 | 16.5
Staves         | 6 9 10 12 14 16 | 16.5
Ranged Weapons | 6 9 10 12 14 16 | 16.5
Stealth        | 8 11 13 16 18 20 | 20.9
Shields        | 6 9 10 12 14 16 | 16.5
Unarmed Combat | 7 10 12 15 16 18 19 | 19.4
Spellcasting   | 5 8 9 11 13 14 15 | 15.2
Conjurations   | 5 8 9 11 13 14 15 | 15.2
Hexes          | 6 9 10 13 14 16 | 16.9
Summonings     | 6 9 10 12 14 16 | 16.5
Necromancy     | 7 9 11 13 15 17 | 17.9
Translocations | 6 9 10 12 14 16 | 16.5
Transmutations | 6 9 10 12 14 16 | 16.5
Fire Magic     | 6 9 10 13 14 16 | 16.9
Ice Magic      | 8 12 14 16 18 20 21 | 21.4
Air Magic      | 6 9 10 13 14 16 | 16.9
Earth Magic    | 8 12 13 16 18 20 21 | 21.4
Poison Magic   | 8 11 12 15 17 19 | 19.8
Invocations    | 8 12 13 16 18 20 21 | 21.4
Evocations     | 7 10 11 14 16 17 18 | 18.3

Action                     |  1- 3 |  4- 6 |  7- 9 | 10-12 | 13-15 | 16-18 | 19-21 | 22-24 | 25-27 || total
---------------------------+-------+-------+-------+-------+-------+-------+-------+-------+-------++-------
  Melee: Executioner's axe |     1 |       |       |     2 |     5 |     8 |    10 |    12 |     1 ||    39
 Armour: Leather armour    |       |       |       |       |       |       |       |       |     1 ||     1
  Dodge: Dodged            |       |       |       |       |       |     1 |       |     1 |     2 ||     4

Table legend: (Time is in decaauts)
 A = Elapsed time spent in this place.
 B = Non-inter-level travel time spent in this place.
 C = Inter-level travel time spent in this place.
 D = Time resting spent in this place.
 E = Time spent auto-exploring this place.
 F = Levels seen in this place.
 G = Mean time per level.
                   A        B        C        D        E       F      G
               +--------+--------+--------+--------+--------+-----+--------+
         Total |     53 |     53 |      0 |      0 |      0 |   1 |   53.0 |
       Dungeon |     53 |     53 |      0 |      0 |      0 |   1 |   53.0 |
               +--------+--------+--------+--------+--------+-----+--------+

Top non-repeatable levels by time:
       D: 53 daAuts
